 Dungeon Crawl Stone Soup version 0.23.2-40-g277498a001 (webtiles) character file.

Game seed: 13856578306225455335

221 DevastatorOne the Slasher (level 5, -7/41 HPs)
             Began as a Demonspawn Fighter on Oct 1, 2019.
             Killed by divine providence
             ... invoked by an orc priest
              (10 damage)
             ... on level 3 of the Dungeon.
             The game lasted 00:02:59 (2599 turns).

DevastatorOne the Slasher (Demonspawn Fighter)      Turns: 2599, Time: 00:03:01

Health: -7/41      AC:  9    Str: 18    XL:     5   Next: 65%
Magic:  5/5        EV:  7    Int:  9    God:
Gold:   153        SH:  8    Dex: 12    Spells: 4/4 levels left

rFire    . . .     SeeInvis .   a - +0 long sword
rCold    . . .     Gourm    .   c - +0 shield
rNeg     . . .     Faith    .   b - +0 scale mail
rPois    .         Spirit   .   g - +0 helmet
rElec    .         Reflect  .   (no cloak)
rCorr    .         Harm     .   (no gloves)
MR       .....                  (no boots)
Stlth    ..........             (no amulet)
HPRegen  0.13/turn              (no ring)
MPRegen  0.09/turn              (no ring)

@: no status effects
A: talons 1, yellow scales 1
a: no special abilities


You were on level 3 of the Dungeon.
You were very hungry.

You visited 1 branch of the dungeon, and saw 3 of its levels.

You collected 153 gold pieces.

Inventory:

Hand Weapons
 a - a +0 long sword (weapon)
Missiles
 j - 32 poisoned needles
Armour
 b - a +0 scale mail (worn)
 c - a +0 shield (worn)
 g - a +0 helmet (worn)
Jewellery
 s - an uncursed ring of resist corrosion {unknown}
 t - an uncursed ring of magical power {unknown}
Scrolls
 e - 4 scrolls of identify {unknown}
 i - 3 scrolls of fog {unknown}
 k - 2 scrolls of remove curse {unknown}
 l - 4 scrolls of teleportation {unknown}
 m - 4 scrolls of blinking {unknown}
 n - a scroll of fear {unknown}
 r - a scroll of magic mapping {unknown}
Potions
 d - a potion of might
 h - 3 potions of curing {unknown}
 o - 4 potions of lignification {unknown}
 p - a potion of flight {unknown}
 q - 2 potions of haste {unknown}
 u - a potion of heal wounds {unknown}
Comestibles
 f - 5 rations


   Skills:
 - Level 3.0 Fighting
 + Level 5.5 Long Blades
 - Level 2.6 Armour
 - Level 2.6 Shields


You had 4 spell levels left.
You didn't know any spells.
Your spell library was empty.

Dungeon Overview and Level Annotations

Branches:
Dungeon (3/15)

Altars:
Makhleb


Innate Abilities, Weirdness & Mutations

You have sharp toenails.
You are partially covered in yellow scales. (AC +2)


Message History

You barely miss the orc priest. You claw the orc priest.
The orc priest is heavily wounded.
The orc priest mumbles some strange prayers to Beogh against you.
Beogh smites you!
You barely miss the orc priest.
The orc priest is heavily wounded.
You are feeling very hungry.
The orc priest invokes the aid of Beogh against you.
Pain shoots through your body!
You hit the orc priest.
The orc priest is heavily wounded.
The orc priest hits you but does no damage.
You hit the orc priest.
The orc priest is severely wounded.
The orc priest mumbles some strange prayers to Beogh against you.
Beogh smites you!
* * * LOW HITPOINT WARNING * * *
The orc priest mumbles some strange prayers to Beogh against you.
Beogh smites you!
You die...

#.#...#
##########[#.#########
............)(.>...... #
###†########.#.###... .#
#.# #.#.# ..# ###)#
#.#)# ...# ..#.### #.#.#
..... ..#...#
#.#.###....(.
..#...######.#..@oo.....
..'..........#####o.....
..#.####### ..... ..#.#
.... ..#.# ... ..#.# ..
..#.# % .##'### ......#


You could see 2 orc priests and an orc.

Vanquished Creatures
  An orc wizard (D:3)
  3 gnolls (D:2)
  5 adders
  3 oozes
  2 worms (D:2)
  6 dart slugs
  3 leopard geckos
  An orc (D:3)
  9 bats
  A giant cockroach (D:1)
  6 goblins
  8 hobgoblins
  15 jackals
  10 kobolds
  A quokka (D:2)
  2 ball pythons
  A frilled lizard (D:3)
  3 rats
80 creatures vanquished.

Notes
Turn   | Place    | Note
-------+----------+-------------------------------------------
     0 | D:1      | DevastatorOne the Demonspawn Fighter began the quest for
                  | the Orb.
     0 | D:1      | Reached XP level 1. HP: 18/18 MP: 1/1
    66 | D:1      | Reached skill level 2 in Long Blades
   138 | D:1      | Gained mutation: You are partially covered in yellow
                  | scales. (AC +2) [demonic ancestry]
   138 | D:1      | Reached XP level 2. HP: 18/24 MP: 2/2
   322 | D:1      | Reached skill level 3 in Long Blades
   344 | D:1      | Reached XP level 3. HP: 28/29 MP: 3/3
  1002 | D:2      | Found a burning altar of Makhleb.
  1090 | D:2      | Reached skill level 4 in Long Blades
  1090 | D:2      | Reached XP level 4. HP: 20/35 MP: 4/4
  1602 | D:2      | Gained mutation: You have sharp toenails. [demonic
                  | ancestry]
  1602 | D:2      | Reached XP level 5. HP: 24/41 MP: 5/5
  1747 | D:2      | Reached skill level 5 in Long Blades
  2599 | D:3      | Killed from afar by an orc priest

Skill      XL: |  1  2  3  4  5 |
---------------+----------------+-----
Long Blades    | 2 3 4 5 |  5.5
Fighting       | |  3.0
Armour         | |  2.6
Shields        | |  2.6

Action                   |  1- 3 |  4- 6 || total
-------------------------+-------+-------++-------
Melee: Long sword        |   147 |   134 ||   281
       Kick              |       |    13 ||    13
  Eat: Chunk             |     1 |     4 ||     5
Armor: Scale mail        |    87 |    75 ||   162
Dodge: Dodged            |    43 |    36 ||    79
Block: Shield            |    77 |    71 ||   148
       Rpst.: Long sword |    10 |    12 ||    22
